Map: Dusk Towers

Players

Somulous

  • Race: Zerg Zerg
  • League: Platinum

Trizztein - Winner!

  • Race: Terran Terran
  • League: Platinum

VOD

Have the link to the VOD?

Description

Time

  • Played on: Jan. 5, 2016, 6:57 p.m.
  • Length: 10:40
Show
View Real Time Build Order
Export as new Build Order

Somulous Zerg 

Build Orders: Pool First 

Get SALT Encoding   

  12  0:50  Drone x2  
  12  0:52  Overlord  
  14  0:57  Spawning Pool  
  14  0:59  Extractor  
  12  1:06  Hatchery  
  11  1:12  Drone  
  11  1:14  Drone  
  13  1:30  Drone  
  14  1:38  Drone  
  15  1:45  Drone  
  16  1:49  Queen  
  18  1:54  Overlord  
  18  2:07  Drone  
  19  2:19  Queen  
  19  2:22  Zergling x4  
  23  2:28  Metabolic Boost  
  23  2:50  Overlord  
  23  2:51  Drone x2  
  23  2:52  Drone x2  
  27  3:12  Drone x5  
  32  3:17  Extractor  
  31  3:29  Baneling Nest, Zergling x2  
  31  3:30  Zergling x4  
  33  3:41  Drone x2  
  33  3:42  Drone  
  33  3:44  Drone x3  
  33  3:47  Extractor  
  38  3:49  Extractor  
  35  4:14  Overlord  
  35  4:16  Zergling x14  
  35  4:17  Zergling x4  
  44  4:23  Evolution Chamber  
  43  4:25  Evolution Chamber  
  43  4:28  Evolution Chamber  
  42  4:39  Lair  
  42  4:48  Hatchery  
  41  4:54  Drone x2  
  41  4:56  Drone  
  44  5:14  Overlord  
  44  5:19  Spore Crawler  
  44  5:20  Spore Crawler  
  41  5:21  Spore Crawler  
  41  5:22  Spore Crawler  
  38  5:28  Spore Crawler  
  38  5:32  Zergling x2  
  34  5:54  Baneling  
  34  5:55  Baneling x9  
  34  6:00  Overseer  
  34  6:08  Zergling x6  
  25  6:34  Drone  
  25  6:35  Drone x8  
  34  6:51  Drone  
  34  6:52  Drone x3  
  38  6:55  Drone  
  38  6:58  Drone  
  40  7:09  Drone  
  40  7:10  Drone x2  
  40  7:15  Zerg Melee Weapons Level 1  
  43  7:23  Zerg Ground Armor Level 1  
  43  7:32  Spire  
  40  7:45  Drone x6  
  44  7:56  Queen  
  37  8:20  Drone x8  
  45  8:45  Zerg Flyer Weapons Level 1  
  45  8:46  Mutalisk x4  
  45  8:47  Mutalisk  
  55  8:50  Overseer  
  55  8:54  Mutalisk  
  57  9:11  Overlord x4  
  57  9:17  Overlord x2  
  57  9:30  Mutalisk  
  59  9:32  Mutalisk x3  
  65  10:03  Mutalisk  
  65  10:04  Mutalisk x6  
  65  10:05  Zergling x2  
  65  10:06  Zergling x4  
Show
View Real Time Build Order
Export as new Build Order

Trizztein Terran - Winner!

Build Orders: Reaper Expand, Hellion Banshee, Mech 

Get SALT Encoding   

  12  0:01  SCV  
  13  0:13  SCV  
  14  0:18  Supply Depot  
  14  0:25  SCV  
  15  0:40  SCV, Barracks  
  16  0:44  Refinery  
  16  0:52  SCV  
  17  1:04  SCV  
  18  1:16  SCV  
  19  1:29  Reaper, Orbital Command  
  20  1:42  Command Center  
  20  1:50  Supply Depot  
  20  1:54  SCV  
  21  2:02  Marine  
  22  2:09  Factory  
  22  2:14  SCV  
  23  2:18  Refinery  
  23  2:23  Barracks Reactor  
  23  2:26  SCV  
  24  2:38  SCV  
  25  2:54  SCV  
  25  2:58  Orbital Command  
  26  3:03  Starport  
  26  3:06  SCV  
  26  3:09  Hellion x2  
  31  3:16  Barracks Tech Lab  
  31  3:18  SCV  
  32  3:26  Orbital Command  
  32  3:30  SCV  
  33  3:38  Hellion x2  
  37  3:47  Banshee, Cloaking Field  
  40  3:49  SCV  
  40  3:52  Supply Depot  
  40  3:54  Barracks Tech Lab  
  40  4:07  SCV, Widow Mine  
  40  4:08  Hellion  
  45  4:11  Supply Depot  
  47  4:19  SCV  
  46  4:31  SCV  
  46  4:34  SCV  
  46  4:36  Banshee  
  51  4:44  SCV, Supply Depot  
  51  4:45  Supply Depot  
  52  4:46  SCV, Widow Mine  
  52  4:47  Hellion  
  57  4:53  Refinery  
  57  4:55  Refinery  
  57  4:56  Command Center  
  57  5:07  SCV x2  
  57  5:08  Hellion  
  61  5:19  SCV, Banshee  
  65  5:34  Hellion x2  
  69  5:41  Factory  
  69  5:42  Factory  
  69  5:44  Armory  
  69  5:46  Armory, Engineering Bay  
  67  5:59  Widow Mine  
  67  6:00  Hellion  
  71  6:10  Supply Depot  
  71  6:13  Supply Depot  
  71  6:20  Orbital Command  
  71  6:22  Hellion  
  72  6:28  Widow Mine  
  74  6:36  Starport Reactor  
  74  6:40  SCV x2  
  74  6:42  Supply Depot  
  74  6:44  Barracks Reactor, Hellion, Supply Depot  
  74  6:46  Siege Tank  
  81  6:52  SCV, Orbital Command  
  81  6:53  SCV  
  83  6:57  Hellion  
  85  7:06  SCV x2  
  87  7:18  SCV  
  87  7:21  SCV x2  
  90  7:26  Siege Tank x2, Hellion x2, Refinery  
  90  7:29  Refinery  
  100  7:30  SCV  
  100  7:33  SCV  
  102  7:40  Liberator  
  102  7:41  Liberator  
  102  7:44  SCV x2  
  102  7:45  SCV  
  103  7:56  SCV x2  
  103  7:58  SCV  
  112  8:08  SCV  
  112  8:11  SCV x2  
  115  8:16  Terran Vehicle And Ship Armor Level 1, Terran Vehicle Weapons Level 1  
  115  8:18  Factory  
  115  8:19  Factory  
  115  8:20  Supply Depot, SCV  
  115  8:21  Supply Depot  
  115  8:23  SCV  
  115  8:24  Supply Depot  
  117  8:28  Liberator x2  
  117  8:38  Infernal Pre-Igniter  
  117  8:41  SCV x3  
  117  8:42  Hellion x2  
  117  8:47  Missile Turret  
  130  8:49  Missile Turret  
  130  8:53  SCV x2  
  130  8:54  SCV, Hellion  
  130  8:55  Hellion  
  137  9:04  Widow Mine  
  137  9:06  SCV x2  
  141  9:13  Factory Tech Lab  
  141  9:15  Barracks Tech Lab  
  141  9:22  Hellion  
  140  9:33  Missile Turret  
  140  9:35  Missile Turret  
  140  9:44  SCV  
  141  9:46  Missile Turret  
  141  9:51  Missile Turret  
  141  9:53  Missile Turret  
  141  10:00  Supply Depot x2  
  141  10:01  Supply Depot x2  
  141  10:05  SCV, Hellion x4, Siege Tank x2  
  156  10:11  Command Center  
  156  10:23  Missile Turret  
Tags
 
Add a new tag
Caveats
  • Supply blocks, unpowered buildings, or Contaminate may cause inaccurate times.
  • Supply counts are checked every 10 seconds.